 Dungeon Crawl Stone Soup version 0.16-a0-44-gd96af6c (webtiles) character file.

103117 PolkaDot the Maledictor (level 15, 0/115 HPs)
             Began as a Vampire Enchanter on Aug 5, 2014.
             Was a High Priest of Makhleb.
             Slain by a spectral six-headed hydra (4 damage)
             ... on Level 2 of the Swamp.
             The game lasted 02:45:52 (32781 turns).

PolkaDot the Maledictor (Vampire Enchanter)        Turns: 32781, Time: 02:45:53

HP   0/115       AC 11     Str  7      XL: 15   Next: 88%
MP  21/21        EV 18     Int 33      God: Makhleb [*****.]
Gold 478         SH  9     Dex 24      Spells:  6 memorised,  3 levels left

rFire  + . .     SeeInvis +     n - +8 demon blade "Bloodbane" {slice, *Rage +Rage Stlth-}
rCold  + + +     Rnd*Rage +     E - +0 leather armour of Elyvilon's Hatred {Dex+3 Int+4}
rNeg   + + +     rCorr    .     P - +2 buckler {rN+}
rPois  +         rRot     +     G - +1 helmet
rElec  .         Spirit   .     f - +1 cloak {rPois}
SustAb .         Warding  .     (no gloves)
rMut   .         Stasis   .     a - +2 pair of boots of Fetecw {Int+2}
Gourm  .                        (no amulet)
MR     +....                    b - ring of protection from fire
                                W - ring "Juchubye" {rC+ Dex+5 Int+5}

@: bloodless, non-regenerating, somewhat resistant to hostile enchantments,
incredibly stealthy
A: bottle blood, fangs 3, see invisible, agile 1, unbreathing
a: Bat Form, Bottle Blood, Minor Destruction, Lesser Servant of Makhleb, Major
Destruction, Greater Servant of Makhleb, Renounce Religion, Evoke Berserk Rage


You were on level 2 of the Swamp.
You worshipped Makhleb.
Makhleb was extremely pleased with you.
You were bloodless.

You visited 4 branches of the dungeon, and saw 26 of its levels.
You also visited: Ossuary.

You collected 1716 gold pieces.
You spent 1238 gold pieces at shops.

Inventory:

Hand weapons
 l - a +6 dagger of speed
 n - the +8 demon blade "Bloodbane" (weapon) {slice, *Rage +Rage Stlth-}
   (You found it on level 12 of the Dungeon)

   It inflicts extra damage upon your enemies.
   It lets you go berserk.
   It may make you go berserk in combat.
   It makes you less stealthy.
Missiles
 Q - 3 throwing nets (quivered)
Armour
 a - the +2 pair of boots of Fetecw (worn) {Int+2}
   (You acquired it on level 12 of the Dungeon)

   It affects your intelligence (+2).
 f - a +1 cloak of poison resistance (worn)
 E - the +0 leather armour of Elyvilon's Hatred (worn) {Dex+3 Int+4}
   (You bought it in a shop on level 9 of the Dungeon)

   It affects your intelligence (+4).
   It affects your dexterity (+3).
 G - a +1 helmet (worn)
 P - a +2 buckler of positive energy (worn)
Magical devices
 h - a wand of teleportation (4)
 i - a wand of fireball (1) {unknown}
 y - a wand of draining (1)
 B - a wand of paralysis (9)
 D - a wand of fire (6)
 H - a wand of polymorph (0)
 J - a wand of invisibility (0)
 L - a wand of digging (16)
 O - a wand of random effects (11) {unknown}
Scrolls
 c - 2 scrolls of vulnerability
 d - 2 scrolls of immolation
 j - 13 scrolls of remove curse
 m - 2 scrolls of summoning
 o - 2 scrolls of amnesia
 p - 7 scrolls of fear
 r - a scroll of brand weapon
 u - a scroll of identify
 v - 5 scrolls of teleportation
 w - 5 scrolls of magic mapping
 C - 3 scrolls of fog
 F - a scroll of recharging
 I - a scroll of silence
 T - a scroll of enchant armour
Jewellery
 b - a ring of protection from fire (right hand)
 W - the ring "Juchubye" (left hand) {rC+ Dex+5 Int+5}
   (You found it on level 2 of the Swamp)

   [ring of protection from cold]

   It affects your intelligence (+5).
   It affects your dexterity (+5).
   It protects you from cold.
Potions
 e - a potion of brilliance
 s - 4 potions of restore abilities
 t - 2 potions of cancellation
 x - 3 potions of resistance
 A - 2 potions of flight
 S - a potion of cure mutation {!q}
Books
 g - a book of Summonings

   Spells                             Type                      Level
   Abjuration                         Summoning                    3
   Recall                             Summoning/Translocation      3
   Shadow Creatures                   Summoning                    5
   Summon Demon                       Summoning                    5
   Summon Forest                      Summoning/Translocation      5
   Monstrous Menagerie                Summoning                    6
 K - Sif Muna's Disquisition on Malediction
   (You found it on level 9 of the Dungeon)

   Spells                             Type                      Level
   Confusing Touch                    Hexes                        2
   *Dazzling Spray                    Conjuration/Hexes            3
   *Confuse                           Hexes                        3
   Silence                            Hexes/Air                    5
 M - a book of Unlife

   Spells                             Type                      Level
   Recall                             Summoning/Translocation      3
   Animate Dead                       Necromancy                   4
   Control Undead                     Necromancy                   4
   Twisted Resurrection               Necromancy                   5
   Death Channel                      Necromancy                   6
   Simulacrum                         Ice/Necromancy               6
Rods
 U - a -3 rod of ignition (13/13)
   (You found it on level 2 of the Swamp)


   Skills:
 - Level 10.0 Fighting
 - Level 12.2(12.6) Short Blades
 * Level 4.4(8.6) Long Blades
 - Level 5.0 Armour
 + Level 7.8 Dodging
 - Level 19.7 Stealth
 - Level 5.1 Shields
 - Level 2.0 Spellcasting
 - Level 21.7 Hexes
 - Level 1.0 Ice Magic


You had 3 spell levels left.
You knew the following spells:

 Your Spells              Type           Power        Failure   Level  Hunger
a - Corona                Hex            #######      0%          1    None
b - Sure Blade            Hex/Chrm       ######....   1%          2    ##.....
c - Confuse               Hex            #######.     0%          3    ###....
d - Ensorcelled Hibernat  Hex/Ice        ######       1%          2    ##.....
e - Enslavement           Hex            #######.     0%          4    ####...
s - Dazzling Spray        Conj/Hex       ######..     1%          3    ###....


Dungeon Overview and Level Annotations

Branches:
Dungeon (15/15)            Temple (0/1) D:4             Orc (0/4) D:9
   Lair (8/8) D:11          Swamp (2/5) Lair:5       Spider (0/5) Lair:5
  Slime (1/6) Lair:7       Depths (0/5) D:15
 Vaults: D:13-14

Altars:
Ashenzari
Cheibriados
Dithmenos
Kikubaaqudgha
Makhleb
Qazlal
Sif Muna
Trog
Xom
Yredelemnul
Zin

Shops:
D:9 [   D:12 ?   D:15 [

Annotations:
D:14 exclusions: deep elf fighter, 3 doors, gargoyle and 2 vault guards
Lair:8 exclusion: 3 doors


Innate Abilities, Weirdness & Mutations

You do not heal naturally.
You can bottle blood from corpses.
You have razor-sharp teeth.
You have supernaturally acute eyesight.
You can survive without breathing.
You are agile. (Dex +2)


Message History

The spectral six-headed hydra is severely damaged.
The bolt of fire hits the spectral six-headed hydra.
The spectral six-headed hydra is lightly damaged.
The spectral six-headed hydra bites you but does no damage. x2
The spectral six-headed hydra bites you.
* * * LOW HITPOINT WARNING * * *
The spectral six-headed hydra bites you but does no damage.
The spectral six-headed hydra misses you. x2
Evoke which item? (* to show all) (? for menu, Esc to quit)
Zapping:
D - a wand of fire {zapped: 2}
Press: ? - help, Shift-Dir - straight line, f/p - spectral six-headed hydra
Aim: a spectral six-headed hydra (severely damaged)
The bolt of fire hits the spectral six-headed hydra.
The spectral six-headed hydra is almost destroyed.
The bolt of fire hits the spectral six-headed hydra.
The spectral six-headed hydra is heavily damaged.
The spectral six-headed hydra bites you.
* * * LOW HITPOINT WARNING * * *
The spectral six-headed hydra bites you.
You die...

###≈≈###≈♣♣#.♣♣♣≈≈≈≈♣#.≈
###.§≈######..§♣♣≈≈≈♣#≈≈
#....≈≈≈≈..§...≈♣♣≈≈##♣≈
#......Z...≈...≈⌠♣§≈###♣
###..#######..≈≈.♣♣≈≈##
###.Z###§≈##≈≈≈♣..♣♣§≈♣♣
#≈'=.'≈#≈≈≈###Z....##≈≈≈
###..###P..P##.....##♣≈.
#§'..ZZ@.."..##...## ♣≈≈
###..###...PP.#≈≈≈# ♣♣≈
#≈'..≈≈#P..####...# ♣♣
###..####### ..... #
#### ....... ...pZ..
......... ...


You could see 2 spectral six-headed hydras.

Vanquished Creatures
  A fire giant (D:15)
  Maud (D:15)
  Louise (D:14)
  Gastronok (D:12)
  2 dire elephants (Lair:8)
  Josephine (D:11)
  A fire dragon (D:14)
  Harold (D:15)
  8 hydras
  Erica (D:10)
  An ogre mage (D:15)
  A death yak (Lair:8)
  4 tengu warriors
  2 alligators (Swamp:1)
  Urug (D:10)
  4 unseen horrors
  A death drake (Swamp:2)
  3 spectral hydras (Swamp:2)
  A swamp dragon (Swamp:1)
  5 hill giants
  15 ugly things
  A phantasmal warrior (Swamp:2)
  2 griffons
  5 cyclopes
  2 deep elf conjurers (D:15)
  2 manticores
  A centaur zombie (D:11)
  17 elephants
  3 gargoyles
  An octopode (shapeshifter) (D:13)
  6 komodo dragons
  A yaktaur (D:15)
  4 black mambas
  17 spiny frogs
  An efreet (D:11)
  5 tengu conjurers
  2 swamp worm zombies (Swamp:2)
  A redback zombie (D:15)
  3 fire drakes
  Grinder (D:3)
  The ghost of tabulaattori the Reanimator, an experienced DENe of Kikubaaqudgha (D:5)
  A polar bear (Lair:3)
  A freezing wraith (D:14)
  A queen bee (Lair:5)
  3 trolls
  A hydra zombie (D:14)
  8 ravens
  22 blink frogs
  5 two-headed ogres
  The ghost of MrRokkomies the Chiller, an average MfIE (D:4)
  4 giant leeches
  10 bog bodies
  19 slime creatures
  3 alligator zombies (Swamp:2)
  3 wyverns
  2 shadows
  3 deep elf magi
  A redback (Lair:8)
  A wraith (D:15)
  A spriggan (Lair:3)
  A spriggan (shapeshifter) (D:15)
  5 basilisks
  3 giant leech zombies (Swamp:2)
  A hill giant zombie (D:14)
  3 hungry ghosts
  10 vampire mosquitoes
  A vampire (D:15)
  12 hippogriffs
  A deep elf fighter (D:15)
  2 hill giant skeletons
  20 wolves
  40 yaks
  10 swamp worms
  A soldier ant (D:8)
  3 mottled dragons
  4 ice beasts
  2 spiny frog zombies (Swamp:2)
  2 swamp drakes
  19 water moccasins
  8 porcupines
  7 sky beasts
  3 black bears
  2 human skeletons
  9 orc warriors
  A yellow wasp (D:8)
  2 ogres
  12 centaurs
  6 phantoms
  8 spiders (Lair:5)
  An elf zombie (Ossuary)
  Sigmund (D:6)
  20 crocodiles
  A big kobold (D:11)
  2 brain worms
  14 giant frogs
  4 insubstantial wisps (Swamp:2)
  3 eyes of draining
  5 scorpions
  3 cyclops zombies
  2 spriggan zombies (Swamp:2)
  8 wights
  6 troll zombies
  39 killer bees
  2 troll skeletons
  2 goliath beetles (D:11)
  6 electric eels
  8 crimson imps
  2 quasits
  8 hounds
  4 orc priests
  A black bear zombie (D:5)
  9 jellies
  Crazy Yiuf (D:3)
  2 basilisk zombies
  A giant frog skeleton (D:4)
  5 iguanas
  3 human zombies (Ossuary)
  Natasha (twice) (D:3)
  9 orange rats
  10 worker ants
  18 orc wizards
  A killer bee zombie (D:6)
  A giant frog simulacrum (D:11)
  25 sheep
  A big kobold zombie (Ossuary)
  Ijyb (D:4)
  2 hound zombies
  A sky beast zombie (D:8)
  2 ogre skeletons
  A mottled dragon skeleton (D:15)
  7 mummies
  26 adders
  48 green rats
  2 orc skeletons
  4 shadow imps
  A worm (D:2)
  3 adder zombies
  3 oozes
  47 orcs
  A bat skeleton (D:4)
  3 giant cockroaches
  25 goblins
  12 hobgoblins
  12 jackals
  20 kobolds
  17 quokkas
  A ball python (D:6)
  20 bats
  2 giant geckos
  10 giant newts
  3 giant spores
  A gnoll skeleton (D:6)
  A goblin zombie (Ossuary)
  2 hobgoblin skeletons
  2 jackal zombies (Ossuary)
  2 kobold zombies
  23 rats
  A rat zombie (Ossuary)
  7 ballistomycetes
963 creatures vanquished.

Vanquished Creatures (collateral kills)
  A swamp worm zombie (Swamp:2)
  A bog body (Swamp:2)
  A wraith (Swamp:2)
  A vampire mosquito (Swamp:2)
  A water moccasin (Swamp:2)
  3 insubstantial wisps (Swamp:2)
  5 wights (D:10)
  An orc priest (D:11)
  A quasit (D:11)
  A sheep (D:11)
  2 orcs
18 creatures vanquished.

Vanquished Creatures (others)
  A raven (D:15)
  2 green rats (Lair:7)
  3 fungi
  A plant (Swamp:2)
7 creatures vanquished.

Grand Total: 988 creatures vanquished

Notes
Turn   | Place    | Note
--------------------------------------------------------------
     0 | D:1      | PolkaDot, the Vampire Enchanter, began the quest for the Orb.
     0 | D:1      | Reached XP level 1. HP: 13/13 MP: 3/3
   340 | D:1      | Reached XP level 2. HP: 19/19 MP: 4/4
   344 | D:1      | Learned a level 2 spell: Ensorcelled Hibernation
  1183 | D:2      | Reached skill level 5 in Hexes
  1207 | D:2      | Reached XP level 3. HP: 13/24 MP: 6/6
  1330 | D:2      | Reached skill level 5 in Stealth
  1516 | D:2      | Reached skill level 1 in Ice Magic
  1520 | D:2      | Reached XP level 4. HP: 30/30 MP: 4/7
  1646 | D:2      | Found a bloodstained altar of Trog.
  1646 | D:2      | Found a burning altar of Makhleb.
  1651 | D:2      | Became a worshipper of Makhleb the Destroyer
  1995 | D:3      | Reached skill level 6 in Hexes
  2003 | D:3      | Noticed Natasha
  2022 | D:3      | Killed Natasha
  2092 | D:3      | Noticed Natasha
  2098 | D:3      | Killed Natasha
  2183 | D:3      | Noticed Grinder
  2190 | D:3      | Learned a level 3 spell: Confuse
  2203 | D:3      | Killed Grinder
  2203 | D:3      | Reached skill level 7 in Hexes
  2203 | D:3      | Reached XP level 5. HP: 26/35 MP: 1/9
  2203 | D:3      | Reached XP level 6. HP: 30/41 MP: 1/10
  2326 | D:3      | Acquired Makhleb's first power
  2817 | D:3      | Noticed Crazy Yiuf
  2823 | D:3      | Killed Crazy Yiuf
  2823 | D:3      | Reached skill level 8 in Hexes
  3011 | D:4      | Found a staircase to the Ecumenical Temple.
  3191 | D:4      | Noticed Ijyb
  3194 | D:4      | Noticed MrRokkomies' ghost (average MfIE)
  3197 | D:4      | Killed Ijyb
  3197 | D:4      | Reached XP level 7. HP: 46/46 MP: 9/12
  3211 | D:4      | Killed MrRokkomies' ghost
  3211 | D:4      | Reached skill level 9 in Hexes
  3217 | D:4      | Learned a level 4 spell: Enslavement
  3585 | D:4      | Acquired Makhleb's second power
  3761 | D:5      | Entered Level 5 of the Dungeon
  4285 | D:5      | Noticed tabulaattori's ghost (experienced DENe)
  4313 | D:5      | Killed tabulaattori's ghost
  4313 | D:5      | Reached skill level 5 in Short Blades
  4313 | D:5      | Reached skill level 10 in Hexes
  4313 | D:5      | Reached XP level 8. HP: 52/52 MP: 11/13
  4563 | D:5      | Acquired Makhleb's third power
  4919 | D:6      | Found a shadowy altar of Dithmenos.
  4920 | D:6      | Reached skill level 11 in Hexes
  5561 | D:6      | Noticed Sigmund
  5566 | D:6      | Killed Sigmund
  5566 | D:6      | Reached skill level 12 in Hexes
  5584 | D:6      | Found a shattered altar of Ashenzari.
  5608 | D:6      | Reached skill level 10 in Stealth
  5608 | D:6      | Reached XP level 9. HP: 57/57 MP: 7/14
  5850 | D:6      | Found a deep blue altar of Sif Muna.
  6363 | D:7      | Got a tattered robe
  6413 | D:7      | Found a sand-covered staircase.
  6418 | Ossuary  | Entered an ossuary
  6424 | Ossuary  | Acquired Makhleb's fourth power
  6666 | Ossuary  | Reached skill level 13 in Hexes
  7032 | D:7      | Noticed a hill giant
  7103 | D:7      | Killed a hill giant
  7311 | D:7      | Identified the cursed -3 robe of Gozag's Indignation {Str-3 Int+3} (You found it on level 7 of the Dungeon)
  7411 | D:7      | Reached skill level 14 in Hexes
  7923 | D:8      | Reached XP level 10. HP: 63/63 MP: 8/16
  7937 | D:8      | Acquired Makhleb's fifth power
  8061 | D:8      | Found a basalt altar of Yredelemnul.
  8061 | D:8      | Found a glowing silver altar of Zin.
  8061 | D:8      | Found a snail-covered altar of Cheibriados.
  8811 | D:9      | Found a staircase to the Orcish Mines.
  8813 | D:9      | Found Teutan's Antique Armour Emporium.
  8816 | D:9      | Bought an agate-studded leather armour for 238 gold pieces
  8828 | D:9      | Identified the +0 leather armour of Elyvilon's Hatred {Dex+3 Int+4} (You bought it in a shop on level 9 of the Dungeon)
  8935 | D:9      | Reached skill level 15 in Hexes
  9658 | D:9      | Identified Sif Muna's Disquisition on Malediction
  9718 | D:9      | Learned a level 3 spell: Dazzling Spray
  9837 | D:10     | Entered Level 10 of the Dungeon
  9898 | D:10     | Noticed Erica
  9929 | D:10     | Killed Erica
 10454 | D:10     | Noticed an unseen horror
 10457 | D:10     | Killed an unseen horror
 10457 | D:10     | Reached skill level 16 in Hexes
 10461 | D:10     | Noticed Urug
 10484 | D:10     | Killed Urug
 10973 | D:10     | Reached XP level 11. HP: 68/68 MP: 12/17
 11151 | D:11     | Found a stormy altar of Qazlal.
 11514 | D:11     | Reached skill level 17 in Hexes
 11624 | D:11     | Noticed Josephine
 11638 | D:11     | Killed Josephine
 11825 | D:11     | Found a staircase to the Lair.
 12529 | D:11     | Reached skill level 10 in Short Blades
 12871 | D:11     | Found an ancient bone altar of Kikubaaqudgha.
 13057 | D:11     | Reached skill level 18 in Hexes
 13347 | Lair:1   | Entered Level 1 of the Lair of Beasts
 13908 | Lair:1   | Reached XP level 12. HP: 74/74 MP: 15/18
 14460 | Lair:1   | Noticed a five-headed hydra
 14468 | Lair:1   | Killed a five-headed hydra
 14468 | Lair:1   | Reached skill level 15 in Stealth
 14593 | Lair:2   | Noticed a four-headed hydra
 14624 | Lair:2   | Killed a four-headed hydra
 15857 | Lair:2   | Reached skill level 19 in Hexes
 15910 | Lair:2   | Learned a level 2 spell: Sure Blade
 16422 | Lair:3   | Reached skill level 1 in Fighting
 16974 | Lair:4   | Noticed a four-headed hydra
 16982 | Lair:4   | Killed a four-headed hydra
 18105 | Lair:5   | Found a staircase to the Swamp.
 18683 | Lair:5   | Reached skill level 5 in Fighting
 18683 | Lair:5   | Reached XP level 13. HP: 88/91 MP: 5/19
 19044 | Lair:5   | Noticed a seven-headed hydra
 19056 | Lair:5   | Killed a seven-headed hydra
 19254 | Lair:5   | Found a hole to the Spider Nest.
 19254 | Lair:5   | Noticed a six-headed hydra
 19318 | Lair:5   | Killed a six-headed hydra
 19968 | Lair:6   | Reached skill level 20 in Hexes
 20172 | Lair:6   | Got a warped short sword
 20173 | Lair:6   | Identified the -3 short sword of Crawling {freeze, rF+} (You found it on level 6 of the Lair of Beasts)
 20484 | Lair:6   | Gained mutation: You are agile. (Dex +2) [potion of beneficial mutation]
 21754 | Lair:7   | Found a staircase to the Slime Pits.
 22663 | Lair:8   | Entered Level 8 of the Lair of Beasts
 22807 | Lair:8   | Reached XP level 14. HP: 89/106 MP: 3/20
 24051 | Lair:8   | Noticed a dire elephant
 24070 | Lair:8   | Killed a dire elephant
 24145 | Lair:8   | Noticed a dire elephant
 24151 | Lair:8   | Killed a dire elephant
 24500 | D:11     | Noticed a sea snake
 24611 | D:12     | Found a shimmering altar of Xom.
 24612 | D:12     | Found a shimmering altar of Xom.
 24782 | D:12     | Reached skill level 10 in Fighting
 24842 | D:12     | Reached skill level 1 in Armour
 25006 | D:12     | Reached skill level 21 in Hexes
 25062 | D:12     | Noticed Gastronok
 25112 | D:12     | Killed Gastronok
 25287 | D:12     | Found a shimmering altar of Xom.
 25289 | D:12     | Found a shimmering altar of Xom.
 25306 | D:12     | Found a shimmering altar of Xom.
 25356 | D:12     | Found Anauh's Magic Scroll Boutique.
 25383 | D:12     | Bought a scroll of acquirement for 780 gold pieces
 25383 | D:12     | Bought a scroll of identify for 30 gold pieces
 25383 | D:12     | Bought a scroll of identify for 30 gold pieces
 25383 | D:12     | Bought a scroll of identify for 30 gold pieces
 25392 | D:12     | Got a pair of smoking boots
 25404 | D:12     | Identified the +2 pair of boots of Fetecw {Int+2} (You acquired it on level 12 of the Dungeon)
 26336 | D:13     | Found a stormy altar of Qazlal.
 27137 | D:14     | Reached skill level 1 in Long Blades
 27358 | D:14     | Got a crude ring mail
 27359 | D:14     | Identified the cursed +0 ring mail of Grace {Dex+2 Int+3} (You found it on level 14 of the Dungeon)
 27859 | D:14     | Reached XP level 15. HP: 115/115 MP: 14/21
 28172 | D:14     | Noticed Louise
 28179 | D:14     | Killed Louise
 28319 | D:15     | Entered Level 15 of the Dungeon
 28336 | D:15     | Reached skill level 5 in Armour
 28415 | D:15     | Noticed Maud
 28416 | D:15     | Found a staircase to the Depths.
 28482 | D:15     | Killed Maud
 29147 | D:15     | Found Qaaz's Antique Armour Shop.
 29155 | D:15     | Bought a runed buckler for 130 gold pieces
 29242 | D:15     | Reached skill level 1 in Shields
 29583 | D:15     | Noticed Harold
 29593 | D:15     | Killed Harold
 29973 | D:15     | Reached skill level 5 in Shields
 30740 | Slime:1  | Entered Level 1 of the Pits of Slime
 30740 | Slime:1  | Noticed an acid blob
 30828 | Swamp:1  | Entered Level 1 of the Swamp
 31551 | Swamp:2  | Got a faintly glowing leather armour
 31552 | Swamp:2  | Identified the cursed -1 leather armour of the Eight Boll Weevils {+Rage MR+ Stlth---} (You found it on level 2 of the Swamp)
 31613 | Swamp:2  | Reached skill level 5 in Dodging
 32615 | Swamp:2  | Got a slimy marble ring
 32616 | Swamp:2  | Identified the ring "Juchubye" {rC+ Dex+5 Int+5} (You found it on level 2 of the Swamp)
 32781 | Swamp:2  | HP: 4/115 [spectral six-headed hydra (4)]
 32781 | Swamp:2  | Slain by a spectral six-headed hydra

Action                   |  1- 3 |  4- 6 |  7- 9 | 10-12 | 13-15 || total
-------------------------+-------+-------+-------+-------+-------++-------
Melee: Dagger            |    72 |    94 |   401 |  1022 |   977 ||  2566
       Demon blade       |       |       |       |       |   139 ||   139
Throw: Stone             |       |       |       |     1 |       ||     1
 Cast: Corona            |     2 |       |       |     2 |     6 ||    10
       Ensorcelled Hiber |    16 |    17 |    81 |   225 |   313 ||   652
       Confuse           |       |     2 |    28 |    33 |    59 ||   122
       Enslavement       |       |       |     8 |     8 |    19 ||    35
       Dazzling Spray    |       |       |       |     3 |    11 ||    14
       Sure Blade        |       |       |       |     1 |     4 ||     5
 Abil: End Transformatio |       |       |       |       |     1 ||     1
       Bat Form          |       |       |       |       |     1 ||     1
Evoke: Wand              |       |       |     1 |     8 |    12 ||    21
  Use: Scroll            |       |     5 |    14 |    11 |    28 ||    58
       Potion            |       |       |     5 |    14 |    12 ||    31
 Stab: Sleeping          |    15 |    31 |    81 |   186 |   321 ||   634
       Distracted        |     1 |       |       |     6 |     7 ||    14
       Confused          |       |     3 |    29 |    38 |    49 ||   119
       Invisible         |       |       |     3 |     7 |    22 ||    32
       Betrayed ally     |       |       |       |       |     2 ||     2
  Eat: Corpse            |       |       |       |       |     1 ||     1
